 Dungeon Crawl Stone Soup version 0.30-a0-883-g5ad918d77d (webtiles) character file.

Game seed: 15233957907847544830

1517 potatoPhD the Basher (level 8, -6/48 HPs)
             Began as a Gargoyle Fighter on Mar 16, 2023.
             Was a Priest of Okawaru.
             Mangled by an ice beast (13 damage)
             ... on level 6 of the Dungeon.
             The game lasted 00:28:36 (5931 turns).

potatoPhD the Basher (Gargoyle Fighter)             Turns: 5931, Time: 00:28:36

Health: -6/48      AC: 10    Str: 21    XL:     8   Next: 83%
Magic:  8/8        EV:  6    Int:  8    God:    Okawaru [***...]
Gold:   329        SH: 10    Dex: 13    Spells: 7/7 levels left

rFire   . . .      SeeInvis .    l - +2 whip (chaos)
rCold   . . .      Faith    .    c - +0 buckler
rNeg    + . .      Spirit   .    p - +0 plate armour
rPois   ∞          Reflect  +    (no helmet)
rElec   +          Rampage  .    (no cloak)
rCorr   .                        (no gloves)
Will    .....                    (no boots) Stlth
                                 e - amulet of reflection
HPRegen 0.28/turn                (no ring)
MPRegen 0.11/turn                (no ring)

@: corroded
A: sickness immunity, AC +5, negative energy resistance 1, electricity
resistance, torment resistance 1, petrification resistance, agile 1
a: Renounce Religion, Heroism


You were on level 6 of the Dungeon.
You worshipped Okawaru.
Okawaru was most pleased with you.
You visited 2 branches of the dungeon, and saw 8 of its levels.

You collected 373 gold pieces.
You spent 44 gold pieces at shops.

Inventory:

Hand Weapons
 l - a +2 whip of chaos (weapon)
Armour
 c - a +0 buckler (worn)
 p - a +0 plate armour (worn)
Jewellery
 e - an amulet of reflection (around neck)
Wands
 r - a wand of charming (10)
Scrolls
 a - a scroll of enchant weapon
 j - a scroll of teleportation
 m - a scroll of fog
 n - a scroll of blinking
 o - 3 scrolls of identify
Potions
 d - 4 potions of might
 f - 3 potions of flight
 g - a potion of magic {unknown}
 h - a potion of berserk rage {unknown}
 i - a potion of haste
 q - a potion of degeneration {unknown}
 s - a potion of resistance {unknown}


   Skills:
 + Level 4.9 Fighting
 * Level 8.8 Maces & Flails
 + Level 5.8 Armour
 + Level 1.2 Dodging
 + Level 4.2 Shields


You had 7 spell levels left.
You didn't know any spells.
Your spell library contained the following spells:

 Spells                   Type           Power      Damage    Failure   Level
 Necrotise                Necr           0%         1d4       100%        1
 Dazzling Flash           Conj/Hex       0%         N/A       100%        3
 Vampiric Draining        Necr           0%         2d6       100%        3
 Agony                    Necr           0%         N/A       100%        5
 Silence                  Hex/Air        0%         N/A       100%        5


Dungeon Overview and Level Annotations

Branches:
Dungeon (7/15)             Temple (1/1) D:4

Altars:
Cheibriados
Dithmenos
Gozag
Hepliaklqana
Nemelex Xobeh
Okawaru
Sif Muna
Uskayaw
Vehumet
Xom
Yredelemnul
Zin

Shops:
D:6 ?(


Innate Abilities, Weirdness & Mutations

You are immune to sickness and miasma.
Your stone body is resilient. (AC +5)
You are immune to poison.
You resist negative energy. (rN+)
You are resistant to electric shocks. (rElec)
You are resistant to unholy torment.
You are immune to petrification.
You are agile. (Dex +4, Str/Int -1)


Message History

The bullfrog swells and bulges.
There is an escape hatch in the ceiling here.
The adder bites you but does no damage. You block the jelly's attack.
A mysterious force pulls you upwards. The hatch slams shut behind you.
You are too injured to fight recklessly!
You are too injured to fight recklessly!
It was a potion of mutation.
You feel extremely strange.
You feel agile. The adder barely misses you. The jelly closely misses you.
You block the adder's attack.
You hit the jelly but do no damage. The acid corrodes you!
Your hands burn!
* * * LOW HITPOINT WARNING * * *
The jelly hits you but does no damage. The adder bites you but does no damage.
You hit the jelly.
You feel better.
Your hands burn!
* * * LOW HITPOINT WARNING * * *
The jelly is lightly wounded.
You hit the jelly. You freeze the jelly. The acid corrodes you!
Your hands burn!
* * * LOW HITPOINT WARNING * * *
The jelly is severely wounded.
The adder closely misses you. The jelly hits you but does no damage.
You hit the jelly.
You kill the jelly!
Okawaru accepts your kill. You block the adder's attack.
You are too injured to fight recklessly!
You are too injured to fight recklessly!
You are too injured to fight recklessly!
You are too injured to fight recklessly!
You hit the adder. You drain the adder.
You kill the adder!
Okawaru accepts your kill.
You see here an adder corpse.
You hit the ice beast but do no damage. You block the ice beast's attack.
You hit the ice beast.
The ice beast is lightly wounded.
The ice beast hits you.
* * * LOW HITPOINT WARNING * * *
The ice beast freezes you!
You die...

### ..# #.# ..#
.###### ###########
.'....# #..........#
.####'###..........#
.#...............†.#
##.............Y@..#
#...........#######
#...........#
############
#...........#
#..........#
#........Y.>#
#..........#
#...........#
#..........#
#...........#
#....<.....#
#...........#
#..........#
#.........(.#
#..........#


You could see an ice beast.

Vanquished Creatures
  An orc warrior (D:5)
  An ice beast (D:5)
  A black bear (D:5)
  An ogre (D:6)
  2 phantoms
  A kobold brigand (D:6)
  A scorpion (D:5)
  A water moccasin skeleton (D:4)
  A howler monkey (D:3)
  A hound (D:6)
  2 jellies
  A gnoll bouda (D:6)
  4 orc priests (D:5)
  3 iguanas
  Natasha (twice) (D:4)
  5 orc wizards
  A scorpion zombie (D:4)
  Robin (D:4)
  6 adders
  6 gnolls (D:6)
  3 shadow imps
  2 white imps (D:5)
  An adder skeleton (D:4)
  4 adder zombies
  A worm (D:3)
  2 dart slugs (D:2)
  31 orcs
  5 bats
  2 endoplasms
  3 giant cockroaches
  10 goblins
  12 hobgoblins
  9 kobolds
  A quokka (D:1)
  5 ball pythons
  A ball python skeleton (D:3)
  A ball python zombie (D:3)
  3 frilled lizards
  2 quokka zombies
  A spectral hobgoblin (D:4)
141 creatures vanquished.

Vanquished Creatures (others)
  7 plants (D:3)
  22 withered plants
29 creatures vanquished.

Grand Total: 170 creatures vanquished

Notes
Turn   | Place    | Note
-------+----------+-------------------------------------------
     0 | D:1      | potatoPhD the Gargoyle Fighter began the quest for the Orb.
     0 | D:1      | Reached XP level 1. HP: 14/14 MP: 1/1
   272 | D:1      | Reached XP level 2. HP: 13/19 MP: 2/2
   967 | D:2      | Reached XP level 3. HP: 22/24 MP: 3/3
  1136 | D:2      | Found a faded altar of an unknown god.
  1343 | D:3      | Found a glowing silver altar of Zin.
  1478 | D:3      | Reached XP level 4. HP: 26/29 MP: 4/4
  1485 | D:3      | Reached skill level 3 in Maces & Flails
  1613 | D:3      | Noticed Robin
  1849 | D:4      | Found a staircase to the Ecumenical Temple.
  1859 | Temple   | Entered the Ecumenical Temple
  1863 | Temple   | Reached XP level 5. HP: 32/33 MP: 5/5
  1892 | Temple   | Became a worshipper of Warmaster Okawaru
  1955 | D:4      | Killed Robin
  2168 | D:3      | Reached skill level 4 in Maces & Flails
  2180 | D:3      | Reached skill level 1 in Dodging
  2352 | D:3      | Found a basalt altar of Yredelemnul.
  2428 | D:3      | Reached XP level 6. HP: 35/38 MP: 6/6
  2654 | D:3      | Found a sparkling altar of Nemelex Xobeh.
  2894 | D:4      | Noticed Natasha
  2901 | D:4      | Killed Natasha
  2906 | D:4      | Reached skill level 5 in Maces & Flails
  3012 | D:4      | Identified the +8 dagger of Jiwu {pain, Int+4 Stlth+}
  3042 | D:4      | Found a hazy altar of Hepliaklqana.
  3079 | D:4      | Noticed Natasha
  3087 | D:4      | Killed Natasha
  3210 | D:4      | Reached * piety under Okawaru
  3211 | D:4      | Reached XP level 7. HP: 28/44 MP: 7/7
  3519 | D:5      | Entered Level 5 of the Dungeon
  3554 | D:5      | Reached skill level 6 in Maces & Flails
  3892 | D:5      | Reached skill level 7 in Maces & Flails
  3906 | D:5      | Reached XP level 8. HP: 25/48 MP: 8/8
  3940 | D:5      | Reached ** piety under Okawaru
  4273 | D:5      | Reached skill level 5 in Armour
  4424 | D:5      | Found a large runed translucent door.
  4424 | D:5      | Found a large runed translucent door.
  4810 | D:5      | Found a snail-covered altar of Cheibriados.
  4818 | D:5      | Found a radiant altar of Vehumet.
  4950 | D:5      | HP: 2/48 [shadow imp/nerve-wracking pain (2)]
  5089 | D:6      | Reached skill level 8 in Maces & Flails
  5305 | D:6      | Found Assituin's Weapon Boutique.
  5489 | D:6      | Reached *** piety under Okawaru
  5576 | D:6      | Found Listri Ahidgh's Magic Scroll Shoppe.
  5702 | D:6      | Bought a scroll of identify for 22 gold pieces
  5702 | D:6      | Bought a scroll of identify for 22 gold pieces
  5922 | D:6      | Gained mutation: You are agile. (Dex +4, Str/Int -1)
                  | [potion of mutation]
  5931 | D:6      | Mangled by an ice beast

Illustrated notes

Levels and vault maps discovered:
D:1:      heliophobic_arrival_glass_houses, layout_basic
D:2:      layout_basic, nicolae_ecumenical_oubliette
D:3:      cheibrodos_old_hovel, layout_basic,
          mainiacjoe_overflow_surrounded_room, mainiacjoe_overflow_swirl,
          serial_undead, serial_undead_f, serial_undead_f, serial_undead_f,
          serial_undead_e, uniq_robin
D:4:      layout_gridville, nicolae_hepliaklqana_monster_ancestors,
          minmay_temple_entry_wispy, serial_rivers,
          chequers_serial_rivers_micro_a, chequers_serial_rivers_small_b,
          chequers_serial_rivers_micro_a, chequers_serial_rivers_room_a,
          amethyst_killhole, dilly_guarded_unrand_morg
D:5:      layout_basic, jmf_multi_god_temple2, glass_columns_a, st_stairs_4
D:6:      layout_basic, serial_shops, nicolae_shop_behind_doors, shop
D:7:      layout_basic, mainiacjoe_overflow_alcove_4,
          mainiacjoe_overflow_brackets, bloody_makhleb, tso_oasis_becter,
          serial_shops, nicolae_square_shop, nicolae_shop_hallway_plus,
          gammafunk_ghost_smash, minmay_manual_mail
Temple:   nicolae_temple_stand_before_the_council

Skill      XL: |  1  2  3  4  5  6  7  8 |
---------------+-------------------------+-----
Maces & Flails | 3 4 5 7 8 |  8.8
Armour         | 4 5 |  5.8
Dodging        | 1 |  1.2
Fighting       | 4 |  4.9
Shields        | 4 |  4.2

Action                     |  1- 3 |  4- 6 |  7- 9 || total
---------------------------+-------+-------+-------++-------
  Melee: Flail             |    20 |       |       ||    20
         Whip              |    99 |   258 |   348 ||   705
    Use: Scroll            |       |     9 |     2 ||    11
         Potion            |       |       |     3 ||     3
   Stab: Petrified         |       |       |     4 ||     4
         Paralysed         |       |       |     3 ||     3
         Petrifying        |       |       |     2 ||     2
         Confused          |       |       |     2 ||     2
 Armour: Scale mail        |    50 |    34 |       ||    84
         Plate armour      |       |   146 |   182 ||   328
  Dodge: Dodged            |    53 |    90 |    73 ||   216
  Block: Buckler           |    18 |    55 |    75 ||   148

Table legend: (Time is in decaauts)
 A = Elapsed time spent in this place.
 B = Non-inter-level travel time spent in this place.
 C = Inter-level travel time spent in this place.
 D = Time resting spent in this place.
 E = Time spent auto-exploring this place.
 F = Levels seen in this place.
 G = Mean time per level.
                   A        B        C        D        E       F      G
               +--------+--------+--------+--------+--------+-----+--------+
         Total |   5821 |   5707 |    114 |      0 |   4171 |   8 |  727.6 |
       Dungeon |   5768 |   5654 |    114 |      0 |   4166 |   7 |  824.0 |
        Temple |     52 |     52 |      0 |      0 |      5 |   1 |   52.0 |
               +--------+--------+--------+--------+--------+-----+--------+

Top non-repeatable levels by time:
     D:5: 1454 daAuts
     D:3: 1115 daAuts
     D:4: 1024 daAuts
     D:6: 850 daAuts
     D:1: 839 daAuts
     D:2: 478 daAuts
  Temple: 52 daAuts
     D:7: 5 daAuts
